 Dungeon Crawl Stone Soup version 0.19-a0-1341-g3513869 (webtiles) character file.

45 4thArraOfDagon the Chiller (level 3, 0/31 HPs)
             Began as a Troll Ice Elementalist on Sept 1, 2016.
             Slain by a gnoll
             ... wielding a +2 spear of flaming
              (6 damage)
             ... on level 3 of the Dungeon.
             The game lasted 00:01:37 (387 turns).

4thArraOfDagon the Chiller (Troll Ice Elementalist)  Turns: 387, Time: 00:01:37

Health: 0/31       AC:  5    Str: 16    XL:     3   Next: 42%
Magic:  4/4        EV: 15    Int: 12    God:
Gold:   24         SH:  0    Dex: 15    Spells: 1 memorised, 3 levels left

rFire  . . .     SeeInvis .     (no weapon)
rCold  . . .     Gourm    +     a - +0 robe
rNeg   . . .     Faith    .     (no shield)
rPois  .         Spirit   .     (helmet restricted)
rElec  .         Dismiss  .     (no cloak)
rCorr  .         Reflect  .     (gloves unavailable)
MR     .....     Harm     .     (boots unavailable)
Stlth  +++.......               (no amulet)
                                (no ring)
                                f - ring of flight

@: agile
A: unfitting armour, claws 3, fast metabolism 3, gourmand, regeneration 1,
shaggy fur 1, tough skin 2
a: Evoke Flight


You were on level 3 of the Dungeon.
You were full.

You visited 1 branch of the dungeon, and saw 3 of its levels.

You collected 24 gold pieces.

Inventory:

Armour
 a - a +0 robe (worn)
Jewellery
 f - a ring of flight (left claw)
Scrolls
 d - 2 scrolls of remove curse {unknown}
 e - a scroll of immolation {unknown}
 h - a scroll of random uselessness {unknown}
Books
 b - a book of Frost

   Spells                             Type                      Level
   a - Freeze                         Ice                          1
   b - Throw Frost                    Conjuration/Ice              2
   c - Ozocubu's Armour               Charms/Ice                   3
   d - Throw Icicle                   Conjuration/Ice              4
   e - Summon Ice Beast               Ice/Summoning                4
Comestibles
 c - 3 bread rations


   Skills:
 + Level 0.2 Fighting
 + Level 2.0 Dodging
 + Level 1.1 Stealth
 + Level 0.4 Unarmed Combat
 + Level 1.4 Spellcasting
   Level 0.6 Conjurations
 + Level 2.7 Ice Magic


You had 3 spell levels left.
You knew the following spells:

 Your Spells              Type           Power        Failure   Level  Hunger
a - Freeze                Ice            #...         12%         1    ##.....


Dungeon Overview and Level Annotations

Branches:
Dungeon (3/15)

Altars:


Innate Abilities, Weirdness & Mutations

You are too large for most types of armour.
You have claws for hands.
Your metabolism is lightning-fast.
You like to eat raw meat.
Your natural rate of healing is unusually fast.
You are covered in fur. (AC +1)
You have very tough skin. (AC +2)


Message History

The gnoll misses you. x2
Things that are here:
a scroll labeled ZESHUAFEMU; a goblin corpse Unknown command.
You scratch the gnoll but do no damage.
The gnoll hits you from afar with a spear of flaming.
The gnoll burns you. The gnoll hits you with a halberd!!
Ouch! That really hurt!
* * * LOW HITPOINT WARNING * * *
Unknown command.
Unknown command.
You closely miss the gnoll. The gnoll closely misses you.
The gnoll barely misses you.
Unknown command.
You closely miss the gnoll. The gnoll hits you but does no damage.
The gnoll misses you.
Unknown command.
You barely miss the gnoll.
The gnoll hits you from afar with a spear of flaming.
You die...

♣.♣. ♣...#.########.# ♣
P♣P♣♣♣.♣.†..........# ♣♣
...P.P♣♣(.#####..#####
P♣♣♣♣♣♣...♣........# #..
♣♣ P♣ ♣...P♣..##..#.####.#
..♣. .♣...P#..#..<.......
♣♣P..♣♣♣♣♣P#..##########.#
♣..♣♣.P♣P.P#....# #....
§♣♣♣♣..PPP♣@♣##.#.# #.#..
♣......♣P.gP.♣#.#.# #.#..
♣..P.P..♣gP.♣....# #.###
♣♣♣♣♣$.♣..♣♣.♣#### #....
♣P.....P♣P.# #####
♣....P..♣P.# ♣........P♣♣#
# ♣(P8..#.P..P#
♣.♣.......♣.#


You could see 2 gnolls.

Vanquished Creatures
  Natasha (D:3)
  An ooze (D:2)
  A dart slug (D:2)
  A giant cockroach (D:1)
  2 hobgoblins (D:2)
  A quokka (D:3)
  A giant newt (D:2)
  4 goblins
  3 rats
15 creatures vanquished.

Notes
Turn   | Place    | Note
-------+----------+-------------------------------------------
     0 | D:1      | 4thArraOfDagon the Troll Ice Elementalist began the quest for the Orb.
     0 | D:1      | Reached XP level 1. HP: 16/16 MP: 1/1
   171 | D:2      | Reached XP level 2. HP: 11/24 MP: 3/3
   335 | D:3      | Noticed Natasha
   347 | D:3      | Killed Natasha
   347 | D:3      | Reached XP level 3. HP: 9/31 MP: 4/4
   387 | D:3      | Slain by a gnoll

Vault maps used:
D:1:      dpeg_arrival_lava_altar
D:3:      wad_woods_stonehenge, minmay_cupped, uniq_natasha

Skill      XL: |  1  2 |
---------------+-------+-----
Dodging        | 2 |  2.0
Fighting       | |  0.2
Stealth        | |  1.1
Unarmed Combat | |  0.4
Spellcasting   | |  1.4
Conjurations   | |  0.6
Ice Magic      | |  2.7

Action                   || total
-------------------------++-------
Melee: Unarmed           ||    60
       Punch             ||     1
  Use: Potion            ||     1
  Eat: Chunk             ||     6
Armor: Robe              ||    16
Dodge: Dodged            ||    30
